 Dungeon Crawl Stone Soup version 0.19.4-8-ga85b6b9 (webtiles) character file.

203 Bavatarro the Sneak (level 5, -2/24 HPs)
             Began as a Spriggan Enchanter on Feb 10, 2017.
             Slain by an adder (3 damage)
             ... on level 3 of the Dungeon.
             The game lasted 00:14:52 (3279 turns).

Bavatarro the Sneak (Spriggan Enchanter)            Turns: 3279, Time: 00:14:52

Health: -2/24      AC:  3    Str:  4    XL:     5   Next: 51%
Magic:  9/10       EV: 19    Int: 17    God:
Gold:   142        SH:  0    Dex: 17    Spells: 3 memorised, 3 levels left

rFire  . . .     SeeInvis +     o - +1 dagger (venom)
rCold  . . .     Gourm    .     b - +1 robe
rNeg   . . .     Faith    .     (shield restricted)
rPois  .         Spirit   .     (helmet restricted)
rElec  .         Reflect  .     (no cloak)
rCorr  .         Harm     .     (gloves unavailable)
MR     .....                    (boots unavailable)
Stlth  ++++......               (no amulet)
                                (no ring)
                                p - +1 ring of evasion

@: lethally poisoned (-2 -> -5), very quick
A: unfitting armour, see invisible, herbivore 3, speed 3, slow metabolism 2
a: no special abilities


You were on level 3 of the Dungeon.
You were very hungry.

You visited 1 branch of the dungeon, and saw 3 of its levels.

You collected 142 gold pieces.

Inventory:

Hand Weapons
 a - a +1 dagger
 o - a +1 dagger of venom (weapon)
Armour
 b - a +1 robe (worn)
 k - a +0 ring mail
Jewellery
 p - a +1 ring of evasion (left hand)
Wands
 r - a wand of hasting (3/9)
Scrolls
 e - a scroll of magic mapping {unknown}
 f - a scroll of fog {unknown}
 g - 3 scrolls of recharging {unknown}
 j - 2 scrolls of identify {unknown}
 l - a scroll of enchant armour {unknown}
 n - a scroll of amnesia {unknown}
 s - 2 scrolls of blinking {unknown}
Potions
 h - a potion of degeneration {unknown}
 i - a potion of mutation {unknown}
 m - a potion of agility {unknown}
 q - 2 potions of might {unknown}
Books
 c - a book of Maledictions

   Spells                             Type                      Level
   a - Corona                         Hexes                        1
   b - Ensorcelled Hibernation        Hexes/Ice                    2
   c - Confuse                        Hexes                        3
   d - Tukima's Dance                 Hexes                        3
   e - Dazzling Spray                 Conjuration/Hexes            3
 t - a book of Misfortune

   Spells                             Type                      Level
   a - Confusing Touch                Hexes                        1
   b - Confuse                        Hexes                        3
   c - Gell's Gravitas                Hexes/Translocation          3
   d - Petrify                        Transmutation/Earth          4
   e - Metabolic Englaciation         Hexes/Ice                    5
   f - Yara's Violent Unravelling     Hexes/Transmutation          5
Comestibles
 d - 2 bread rations


   Skills:
 - Level 1.1 Short Blades
 - Level 3.0 Dodging
 + Level 7.8 Stealth
 - Level 2.6 Spellcasting
 + Level 5.3 Hexes
 - Level 1.0 Ice Magic


You had 3 spell levels left.
You knew the following spells:

 Your Spells              Type           Power        Failure   Level  Hunger
a - Corona                Hex            ###....      1%          1    #......
b - Ensorcelled Hibernat  Hex/Ice        ##....       10%         2    ##.....
c - Confuse               Hex            ###.....     8%          3    ###....


Dungeon Overview and Level Annotations

Branches:
Dungeon (3/15)

Altars:
Makhleb
The Shining One

Annotations:
D:3 Grinder; heranbago's ghost, amateur OgFE


Innate Abilities, Weirdness & Mutations

You are very small and have problems with some larger weapons.
You are too small for most types of armour.
You have supernaturally acute eyesight. (SInv)
You are a herbivore.
You cover ground extremely quickly.
You need consume almost no food.


Message History

You resist with some effort.
Heranbago's ghost wails, "What do you have that I didn't have?"
Heranbago's ghost hits you. Grinder hits you!
* * * LOW HITPOINT WARNING * * *
You writhe in agony.
* * * LOW HITPOINT WARNING * * *
You can move again.
* * * LOW HITPOINT WARNING * * *
You feel sick.
Grinder blinks!
* * * LOW HITPOINT WARNING * * *
You feel sick.
* * * LOW HITPOINT WARNING * * *
You feel sick.
An adder comes into view.
The adder hisses angrily.
You hit the adder.
The adder is poisoned.
The adder is lightly wounded.
The adder bites you.
You die...

#. #. #. .
#.##### ...
#.#...#....
#...S......
#.@...#
#.##....#
#.# #..#
#.# .# #.#
#.# #W# #.#
#.#


You could see heranbago's ghost and an adder.

Vanquished Creatures
  An orc priest (D:3)
  Terence (D:2)
  Ijyb (D:3)
  3 gnolls (D:2)
  4 adders (D:2)
  A dart slug (D:1)
  A leopard gecko (D:2)
  An orc (D:3)
  4 giant cockroaches
  9 goblins
  3 hobgoblins
  3 jackals (D:1)
  A quokka (D:2)
  A ball python (D:2)
  9 bats
  A frilled lizard (D:2)
  8 kobolds
  6 rats
58 creatures vanquished.

Notes
Turn   | Place    | Note
-------+----------+-------------------------------------------
     0 | D:1      | Bavatarro the Spriggan Enchanter began the quest for the Orb.
     0 | D:1      | Reached XP level 1. HP: 9/9 MP: 5/5
   346 | D:1      | Reached XP level 2. HP: 13/13 MP: 6/6
   372 | D:1      | Learned a level 2 spell: Ensorcelled Hibernation
   608 | D:1      | Reached skill level 5 in Stealth
  1371 | D:1      | Reached XP level 3. HP: 16/16 MP: 8/8
  1403 | D:2      | Learned a level 3 spell: Confuse
  1428 | D:2      | Found a burning altar of Makhleb.
  1794 | D:2      | Noticed Terence
  1800 | D:2      | Killed Terence
  1800 | D:2      | Reached skill level 6 in Stealth
  1800 | D:2      | Reached XP level 4. HP: 21/21 MP: 5/9
  1873 | D:2      | Reached skill level 1 in Ice Magic
  2609 | D:2      | Found a glowing golden altar of the Shining One.
  2617 | D:2      | Reached skill level 5 in Hexes
  2785 | D:2      | Reached skill level 7 in Stealth
  2791 | D:2      | Reached XP level 5. HP: 24/24 MP: 4/10
  2889 | D:3      | Noticed Ijyb
  2891 | D:3      | Killed Ijyb
  3240 | D:3      | Noticed Grinder
  3245 | D:3      | Noticed heranbago's ghost (amateur OgFE)
  3258 | D:3      | Paralysed by Grinder for 5 turns
  3276 | D:3      | HP: 1/24 [poisoned by an orc]
  3279 | D:3      | Slain by an adder

Skill      XL: |  1  2  3  4 |
---------------+-------------+-----
Hexes          | 4 5 |  5.3
Stealth        | 5 6 7 |  7.8
Ice Magic      | 1 |  1.0
Short Blades   | |  1.1
Dodging        | |  3.0
Spellcasting   | |  2.6

Action                   |  1- 3 |  4- 6 || total
-------------------------+-------+-------++-------
Melee: Dagger            |   116 |    50 ||   166
 Cast: Ensorcelled Hiber |    21 |    23 ||    44
       Confuse           |       |     2 ||     2
 Stab: Sleeping          |    18 |    16 ||    34
       Confused          |       |     2 ||     2
  Eat: Royal jelly       |       |     1 ||     1
Armor: Robe              |    17 |     2 ||    19
Dodge: Dodged            |   110 |    31 ||   141
